[Event "Titled Tuesday Blitz January 03 Early 2023"]
[White "Suduvasachmatai"]
[Black "Manukyan, Sargis A."]
[BlackFideId "13303970"]
[WhiteElo "2107"]
[BlackElo "2158"]
[Result "1-0"]
[Round "02"]
[TimeControl "180+2"]
[Date "2023.01.03"]
[WhiteClock "0:00:23"]
[BlackClock "0:00:18"]

1. e4 e6 2. d4 d5 3. e5 c5 4. c3 Nc6 5. Nf3 Nh6 6. Bd3 cxd4 7. cxd4 Nf5 8. Bxf5 exf5 9. O-O Be6 10. Nc3 Be7 11. Qb3 Qd7 12. Bf4 h6 13. Rac1 g5 14. Be3 f4 15. Bd2 g4 16. Ne1 Nxd4 17. Qd1 f3 18. Be3 fxg2 19. Nxg2 Nf3+ 20. Kh1 d4 21. Ne4 dxe3 22. Qe2 exf2 23. Rfd1 Qa4 24. Nd6+ Bxd6 25. exd6 O-O 26. Qxf2 Qxa2 27. Qe3 Kh7 28. Qe4+ f5 29. Qxb7+ Kg6 30. d7 Rad8 31. Qc6 Rf6 32. Qc7 Rxd7 33. Rxd7 Bxd7 34. Qxd7 Qxb2 35. Qe8+ Kg5 36. Qe3+ Kg6 37. Nf4+ Kg7 38. Rc7+ Rf7 39. Rxf7+ Kxf7 40. Qe6+ Kg7 41. Qg6+ Kf8 42. Qxf5+ Ke8 43. Qc8+ Ke7 44. Qe6+ Kd8 45. Qg8+ Kc7 46. Qc4+ Kd6 47. Qd5+ Kc7 48. Ne6+ Kb6 49. Qc5+ Ka6 50. Qc4+ Ka5 51. Qc5+ Ka6 52. Qc4+ Qb5 53. Nc7+ Kb6 54. Nxb5 a6 55. Nd4 Ne5 56. Qe6+ Kc5 57. Qxe5+ Kc4 58. Nf5 1-0


[Site "https://www.chess.com"]

[Event "Titled Tuesday Blitz January 03 Early 2023"]
[White "Vysochin, Spartak"]
[Black "Tuleyeva-Aketayeva, Dana"]
[WhiteFideId "14103516"]
[BlackFideId "13701932"]
[WhiteElo "2512"]
[BlackElo "2130"]
[Result "1-0"]
[Round "02"]
[TimeControl "180+2"]
[Date "2023.01.03"]
[WhiteClock "0:02:08"]
[BlackClock "0:01:38"]

1. e4 c5 2. c3 d5 3. exd5 Qxd5 4. d4 Nf6 5. Nf3 Bg4 6. Nbd2 cxd4 7. Bc4 Qd8 8. Bxf7+ Kxf7 9. Ne5+ Ke8 10. Nxg4 dxc3 11. bxc3 Nc6 12. O-O g6 13. Nxf6+ exf6 14. Re1+ Kf7 15. Qb3+ Kg7 16. Qxb7+ Ne7 17. Ba3 Qxd2 18. Qxa8 Nf5 19. Qxa7+ Kh6 20. Bc1 1-0


[Site "https://www.chess.com"]

[Event "Titled Tuesday Blitz January 03 Early 2023"]
[White "Sadovsky, Artem"]
[Black "Gutierrez Anaya, Yeison Joel"]
[WhiteFideId "4155840"]
[BlackFideId "3903273"]
[WhiteElo "2276"]
[BlackElo "2125"]
[Result "1-0"]
[Round "02"]
[TimeControl "180+2"]
[Date "2023.01.03"]
[WhiteClock "0:02:47"]
[BlackClock "0:00:10"]

1. Nf3 d5 2. e3 f6 3. c4 c6 4. d4 Be6 5. Nc3 dxc4 6. a4 Nd7 7. Nd2 c5 8. d5 Bf7 9. Nxc4 Nb6 10. Nxb6 Qxb6 11. Bb5+ Kd8 12. a5 Qd6 13. O-O a6 14. Bc4 f5 15. e4 g6 16. Re1 Bg7 17. f4 Bxc3 18. bxc3 fxe4 19. Rxe4 Nf6 20. Re5 e6 21. Rb1 b5 22. axb6 exd5 23. b7 Rb8 24. Bxd5 Nxd5 25. c4 Re8 26. cxd5 Rxe5 27. fxe5 Qxe5 28. d6 Qd4+ 29. Qxd4 cxd4 30. Bg5+ Kd7 31. Re1 Be6 32. Re4 d3 33. Rd4 Bf5 34. Rb4 d2 35. Bxd2 Kxd6 36. Bf4+ Kc5 37. Rb2 Re8 38. b8=Q Rxb8 39. Bxb8 1-0


[Site "https://www.chess.com"]

[Event "Titled Tuesday Blitz January 03 Early 2023"]
[White "Cardozo Munar, Carlos Eduardo"]
[Black "Legenia, Artem"]
[WhiteFideId "4409477"]
[BlackFideId "14136945"]
[WhiteElo "2043"]
[BlackElo "2092"]
[Result "1-0"]
[Round "02"]
[TimeControl "180+2"]
[Date "2023.01.03"]
[WhiteClock "0:01:34"]
[BlackClock "0:00:58"]

1. d4 d5 2. c3 Bf5 3. Bg5 c6 4. Nd2 Nd7 5. Ngf3 Ngf6 6. g3 h6 7. Bxf6 Nxf6 8. Bg2 e6 9. O-O Bd6 10. Re1 O-O 11. Qb3 Qb6 12. Qxb6 axb6 13. a3 Bh7 14. h3 b5 15. Nh2 Nd7 16. e4 dxe4 17. Nxe4 Be7 18. Rad1 Nb6 19. Nd2 Nd5 20. Be4 Rfd8 21. Bxh7+ Kxh7 22. Ng4 c5 23. dxc5 Bxc5 24. Ne5 Kg8 25. Ne4 Bf8 26. Rd2 Nb6 27. Red1 Rd5 28. Rxd5 Nxd5 29. Nd7 Rc8 30. Nxf8 Kxf8 31. Nd6 Rd8 32. Nxb5 Ke7 33. Nd4 g6 34. Ra1 Nb6 35. a4 e5 36. Nf3 f6 37. a5 Nc4 38. b3 Nd6 39. c4 Ra8 40. Kg2 Ne4 41. b4 Nd6 42. Nd2 Ke6 43. b5 e4 44. a6 bxa6 45. Rxa6 Rc8 46. Nxe4 1-0


[Site "https://www.chess.com"]

[Event "Titled Tuesday Blitz January 03 Early 2023"]
[White "Mitrovic, Darko R"]
[Black "Zherebtsova, Alexandra"]
[WhiteFideId "927023"]
[BlackFideId "24129518"]
[WhiteElo "2220"]
[BlackElo "2155"]
[Result "0-1"]
[Round "02"]
[TimeControl "180+2"]
[Date "2023.01.03"]
[WhiteClock "0:00:16"]
[BlackClock "0:00:15"]

1. d4 d5 2. Nf3 Nf6 3. g3 g6 4. Bg2 Bg7 5. O-O O-O 6. b3 b6 7. Bb2 Bb7 8. c4 e6 9. cxd5 exd5 10. Nbd2 Ne4 11. Nxe4 dxe4 12. Ne5 Nd7 13. Nxd7 Qxd7 14. Qc2 f5 15. e3 Rac8 16. b4 Ba6 17. Rfc1 Kh8 18. a4 Bd3 19. Qc6 Qd8 20. Bf1 Bxf1 21. Kxf1 Rf7 22. a5 Rd7 23. a6 Bf8 24. b5 Bg7 25. Rc2 Rd5 26. Rac1 Qd7 27. Qxd7 Rxd7 28. Rc6 Kg8 29. Ba3 Kf7 30. Ke2 Ke8 31. Bd6 Kd8 32. Bf4 Bf8 33. h4 Bd6 34. Bxd6 Rxd6 35. Rxd6+ cxd6 36. Rxc8+ Kxc8 37. Kd2 d5 38. Ke2 Kd7 39. Kf1 Ke6 40. Kg2 h5 41. f4 Kf6 42. Kf2 Ke6 43. Ke2 Kf6 44. Kd2 Ke6 45. Kc2 Kf6 46. Kb3 Ke6 47. Ka2 Kf6 48. Ka1 Ke6 49. g4 hxg4 50. h5 gxh5 51. Ka2 h4 52. Ka1 h3 53. Ka2 h2 54. Ka1 h1=Q+ 55. Ka2 g3 56. Kb2 g2 57. Ka2 g1=Q 58. Kb2 Qa1+ 59. Kc2 Qhc1+ 60. Kb3 Qab2+ 61. Ka4 Qa3# 0-1


[Site "https://www.chess.com"]

[Event "Titled Tuesday Blitz January 03 Early 2023"]
[White "reevecanada"]
[Black "Necula, Iulian"]
[BlackFideId "1232380"]
[WhiteElo "2477"]
[BlackElo "1851"]
[Result "1-0"]
[Round "02"]
[TimeControl "180+2"]
[Date "2023.01.03"]
[WhiteClock "0:01:08"]
[BlackClock "0:00:01"]

1. e4 c5 2. Nf3 d6 3. d4 cxd4 4. Nxd4 Nf6 5. Nc3 g6 6. f3 Bg7 7. Be3 O-O 8. Qd2 Nc6 9. O-O-O d5 10. Nb3 dxe4 11. Qe1 Qc7 12. fxe4 Bg4 13. Be2 Bxe2 14. Qxe2 Rad8 15. Nd5 Nxd5 16. exd5 Nb4 17. Bd4 Nxa2+ 18. Kb1 Nb4 19. Bxg7 Kxg7 20. Qe4 a5 21. h4 f5 22. Qe2 Nxd5 23. Nd4 e5 24. Ne6+ Kf6 25. Nxc7 Nxc7 26. Qc4 Rxd1+ 27. Rxd1 Rf7 28. g4 f4 29. g5+ Kg7 30. Rf1 b5 31. Qe4 Re7 32. Rxf4 b4 33. h5 gxh5 34. Rh4 Ne6 35. Rxh5 Nf8 36. Qf5 Rf7 37. Qxe5+ Kg8 38. Rh6 Ng6 39. Qe8+ Rf8 40. Rxg6+ hxg6 41. Qxg6+ Kh8 42. Qh6+ Kg8 43. g6 Rf1+ 44. Ka2 Ra1+ 45. Kxa1 a4 46. Qh7+ Kf8 47. Qf7# 1-0


[Site "https://www.chess.com"]

[Event "Titled Tuesday Blitz January 03 Early 2023"]
[White "Begunov, Konstantin"]
[Black "Aung Thant Zin"]
[WhiteFideId "4118510"]
[BlackFideId "13000063"]
[WhiteElo "2325"]
[BlackElo "2268"]
[Result "1-0"]
[Round "02"]
[TimeControl "180+2"]
[Date "2023.01.03"]
[WhiteClock "0:01:22"]
[BlackClock "0:00:42"]

1. d4 Nf6 2. c4 e6 3. Nf3 b6 4. g3 Ba6 5. Qa4 c6 6. Nc3 d5 7. Ne5 Qc8 8. cxd5 exd5 9. Bg2 Bd6 10. O-O O-O 11. Rd1 Bb7 12. e4 Nbd7 13. exd5 Nxd5 14. Nxd5 Nxe5 15. dxe5 1-0


[Site "https://www.chess.com"]

[Event "Titled Tuesday Blitz January 03 Early 2023"]
[White "Eisa Mohmood, Alkhoori"]
[Black "Dudzinski, Pawel"]
[WhiteFideId "9316116"]
[BlackFideId "1117890"]
[WhiteElo "1095"]
[BlackElo "2186"]
[Result "1-0"]
[Round "02"]
[TimeControl "180+2"]
[Date "2023.01.03"]
[WhiteClock "0:00:22"]
[BlackClock "0:00:07"]

1. d4 d5 2. g3 c5 3. Bg2 cxd4 4. Nf3 Nc6 5. Nxd4 e6 6. O-O Bc5 7. Nxc6 bxc6 8. c4 Nf6 9. Nc3 O-O 10. Qc2 Qe7 11. a3 a5 12. Bg5 Ba6 13. Bxf6 gxf6 14. cxd5 cxd5 15. Rfd1 Rfc8 16. e3 Rab8 17. Qd2 Bc4 18. e4 d4 19. Na4 Bb3 20. Nxc5 Bxd1 21. Na6 Rb6 22. Rxd1 Rxa6 23. Qxd4 e5 24. Qd5 a4 25. Qd3 Rb6 26. Bh3 Rcb8 27. Bf5 Rxb2 28. Qf3 Qf8 29. Rd7 Qg7 30. Qd3 R2b3 31. Rd8+ Rxd8 32. Qxd8+ Qf8 33. Qxf6 Rxa3 34. Qxe5 Ra1+ 35. Qxa1 Qb4 36. e5 a3 37. e6 Qb2 38. exf7+ Kxf7 39. Qxb2 axb2 40. Bxh7 Kg7 41. Bb1 Kf6 42. f4 Ke6 43. Kf2 Kf6 44. Ke3 Ke6 45. g4 Kf6 46. h4 Ke6 47. h5 Kf6 48. g5+ Kg7 49. h6+ Kh8 50. g6 Kg8 51. f5 Kh8 52. f6 Kg8 53. f7+ Kf8 54. h7 Kg7 55. h8=Q+ Kxh8 56. f8=Q# 1-0


[Site "https://www.chess.com"]

[Event "Titled Tuesday Blitz January 03 Early 2023"]
[White "Kaplan, Avi Harrison"]
[Black "AKINSEYE, Akinleye"]
[WhiteFideId "30934559"]
[BlackFideId "8504458"]
[WhiteElo "2146"]
[BlackElo "1797"]
[Result "1-0"]
[Round "02"]
[TimeControl "180+2"]
[Date "2023.01.03"]
[WhiteClock "0:01:13"]
[BlackClock "0:01:22"]

1. Nf3 d5 2. b3 c6 3. Bb2 Nf6 4. g3 Bf5 5. Bg2 Nbd7 6. O-O e6 7. d3 Be7 8. Nbd2 O-O 9. c4 Qc7 10. Rc1 Qa5 11. Qc2 Rac8 12. a3 Qb6 13. h3 Qd8 14. Nh4 Bg6 15. Nxg6 hxg6 16. Nf3 Bd6 17. Rfd1 Re8 18. e4 dxe4 19. dxe4 Be7 20. e5 Nh7 21. Nd2 Qc7 22. Ne4 Nxe5 23. Qc3 Bf6 24. Nd6 Red8 25. Nxc8 Rxd1+ 26. Rxd1 Qxc8 27. Qd2 Bg5 28. f4 1-0


[Site "https://www.chess.com"]

[Event "Titled Tuesday Blitz January 03 Early 2023"]
[White "Tharushi, T H D Niklesha"]
[Black "Ljukin, Sergei"]
[WhiteFideId "9918264"]
[BlackFideId "14102200"]
[WhiteElo "1570"]
[BlackElo "2362"]
[Result "0-1"]
[Round "02"]
[TimeControl "180+2"]
[Date "2023.01.03"]
[WhiteClock "0:00:14"]
[BlackClock "0:01:07"]

1. e4 e6 2. d4 d5 3. exd5 exd5 4. c3 Nf6 5. Bd3 c5 6. Nf3 Nc6 7. O-O Be7 8. Re1 O-O 9. Bf4 Qb6 10. Qb3 c4 11. Qxb6 axb6 12. Bc2 b5 13. a4 b4 14. Be5 b3 15. Bd1 b5 16. Na3 Rxa4 17. Be2 Ba6 18. Nd2 b4 19. Bf3 bxc3 20. Bxf6 cxb2 21. Rab1 c3 22. Nxb3 Rxa3 23. Bxd5 Bxf6 24. Nc5 Nxd4 25. Nxa6 Rxa6 26. Bc4 Rb6 27. Bd3 c2 28. Bxc2 Nxc2 29. Re2 Na3 30. Ree1 Nxb1 31. Rxb1 Rc8 0-1


[Site "https://www.chess.com"]

[Event "Titled Tuesday Blitz January 03 Early 2023"]
[White "Goncalves, Davi Sulzbacher"]
[Black "Vargas, Mauricio"]
[WhiteFideId "2154510"]
[BlackFideId "4404572"]
[WhiteElo "2282"]
[BlackElo "2035"]
[Result "1-0"]
[Round "02"]
[TimeControl "180+2"]
[Date "2023.01.03"]
[WhiteClock "0:01:36"]
[BlackClock "0:00:05"]

1. Nf3 c5 2. g3 Nc6 3. Bg2 e6 4. O-O d5 5. d4 cxd4 6. Nxd4 Nf6 7. c4 Nxd4 8. Qxd4 b6 9. cxd5 Nxd5 10. Nc3 Bb7 11. Nxd5 Bxd5 12. Bxd5 Qxd5 13. Qxd5 exd5 14. Rd1 O-O-O 15. Bg5 Rd7 16. Rac1+ Kb7 17. e4 d4 18. Rc4 f6 19. Bf4 g5 20. Be3 d3 21. Rc3 Be7 22. Rcxd3 Rc7 23. Kg2 Rhc8 24. Rd7 Rxd7 25. Rxd7+ Rc7 26. Rd2 1-0


[Site "https://www.chess.com"]

[Event "Titled Tuesday Blitz January 03 Early 2023"]
[White "Dzierzak, Radoslaw"]
[Black "Mohammadian, Mohammad"]
[WhiteFideId "1161407"]
[BlackFideId "12566055"]
[WhiteElo "2220"]
[BlackElo "1398"]
[Result "1-0"]
[Round "02"]
[TimeControl "180+2"]
[Date "2023.01.03"]
[WhiteClock "0:00:41"]
[BlackClock "0:00:01"]

1. e4 e5 2. Nf3 Nc6 3. Bc4 Bc5 4. O-O Nf6 5. d3 h6 6. c3 O-O 7. Re1 d6 8. Bb3 Bg4 9. h3 Bh5 10. Nbd2 a6 11. Nf1 Bb6 12. Ng3 Bg6 13. Nh4 Bh7 14. Nhf5 Qd7 15. Qf3 Ne8 16. Qg4 Kh8 17. Qh5 Nf6 18. Qh4 Ne8 19. Be3 Bxe3 20. Rxe3 Qd8 21. Qg4 Qf6 22. Rf3 Qg5 23. Qxg5 hxg5 24. Ne3 f6 25. Nd5 Rc8 26. Re1 Na5 27. Bc2 b6 28. b4 Nb7 29. Ba4 b5 30. Bb3 Nd8 31. Ne7 Nf7 32. Nxc8 c5 33. bxc5 Nc7 34. Nxd6 Nxd6 35. cxd6 Ne8 36. d7 Nc7 37. d4 exd4 38. cxd4 Rd8 39. e5 fxe5 40. dxe5 Rxd7 41. Rf8+ Bg8 42. Rxg8+ Kh7 43. e6 g6 44. exd7 1-0


[Site "https://www.chess.com"]

[Event "Titled Tuesday Blitz January 03 Early 2023"]
[White "Shubenkova, Veronika"]
[Black "Butolo, Alexandru-Mircea"]
[WhiteFideId "44124040"]
[BlackFideId "1261649"]
[WhiteElo "1960"]
[BlackElo "2033"]
[Result "1/2-1/2"]
[Round "02"]
[TimeControl "180+2"]
[Date "2023.01.03"]
[WhiteClock "0:01:18"]
[BlackClock "0:00:13"]

1. e4 c5 2. Nc3 Nc6 3. g3 g6 4. Bg2 Bg7 5. f4 e6 6. Nf3 Nge7 7. d3 O-O 8. O-O Rb8 9. Rb1 b5 10. Be3 Nd4 11. Ne2 Nec6 12. c3 Nxf3+ 13. Bxf3 d6 14. g4 Qc7 15. Ng3 b4 16. Qc2 Ba6 17. c4 Nd4 18. Bxd4 Bxd4+ 19. Kh1 Bb7 20. b3 d5 21. cxd5 exd5 22. exd5 Qxf4 23. Ne2 Qe5 24. Nxd4 Qxd4 25. Qc4 Rbd8 26. Rbc1 Bxd5 27. Qxc5 Qxd3 28. Bxd5 Rxd5 29. Qxb4 Rd4 30. Qb7 Rxg4 31. Qf3 Qxf3+ 32. Rxf3 Rd4 33. Rf2 Rfd8 34. Rc7 R8d7 35. Rc8+ Kg7 36. Ra8 f5 37. Re2 f4 38. Kg2 Rd3 39. Kf2 f3 40. Rc2 Rd2+ 41. Rxd2 Rxd2+ 42. Kxf3 Rxh2 43. Rxa7+ Kf6 44. b4 Rb2 45. a3 h5 46. Ra6+ Kf5 47. Ra5+ Kf6 48. b5 Ke6 49. a4 Kd5 50. b6+ Kc6 51. Rg5 Kxb6 52. Rxg6+ Ka5 53. Rg5+ Kxa4 54. Rxh5 Rb3+ 55. Kf4 Rb4+ 56. Kg5 Rb5+ 57. Kg6 Rxh5 58. Kxh5 1/2-1/2


[Site "https://www.chess.com"]

[Event "Titled Tuesday Blitz January 03 Early 2023"]
[White "Noshin, Anjum"]
[Black "Ansh M Shah"]
[WhiteFideId "10218564"]
[BlackFideId "25033379"]
[WhiteElo "1946"]
[BlackElo "2171"]
[Result "0-1"]
[Round "02"]
[TimeControl "180+2"]
[Date "2023.01.03"]
[WhiteClock "0:00:01"]
[BlackClock "0:00:15"]

1. e4 c6 2. d4 d5 3. Nc3 dxe4 4. Nxe4 Bf5 5. Ng3 Bg6 6. Nf3 Nd7 7. h4 h6 8. h5 Bh7 9. Bd3 Bxd3 10. Qxd3 e6 11. Bd2 Ngf6 12. O-O-O Be7 13. Kb1 O-O 14. Ne4 Nxe4 15. Qxe4 Nf6 16. Qe2 Qd5 17. Be3 b5 18. Ne5 Rfc8 19. g4 Ne4 20. Rhe1 b4 21. Qd3 Rab8 22. Ka1 Nd6 23. g5 Bxg5 24. Bxg5 hxg5 25. Qg3 Ne4 26. Qg4 f5 0-1


[Site "https://www.chess.com"]

[Event "Titled Tuesday Blitz January 03 Early 2023"]
[White "Bryakin, Mikhail"]
[Black "Nakamura, Hikaru"]
[WhiteFideId "4165314"]
[BlackFideId "2016192"]
[WhiteElo "2455"]
[BlackElo "2775"]
[Result "1-0"]
[Round "03"]
[TimeControl "180+2"]
[Date "2023.01.03"]
[WhiteClock "0:00:09"]
[BlackClock "0:00:28"]

1. d4 f5 2. c4 e6 3. g3 Nf6 4. Bg2 Bb4+ 5. Nd2 O-O 6. Nf3 d5 7. O-O c6 8. Qc2 Nbd7 9. Rd1 Bd6 10. Ne1 Qe7 11. Nd3 b6 12. Nf3 Ba6 13. cxd5 cxd5 14. Bf4 Rfc8 15. Qa4 Bxd3 16. Rxd3 Ne4 17. Qd1 g5 18. Bxd6 Qxd6 19. Rc1 g4 20. Nd2 Qb4 21. Bxe4 Rxc1 22. Qxc1 dxe4 23. Rc3 Qxd4 24. Nb3 Qd6 25. Rc6 Qd5 26. Rc7 Qd6 27. Rc6 Qe5 28. Qg5+ Kf7 29. Qh5+ Kg8 30. Qg5+ Qg7 31. Qxg7+ Kxg7 32. Rc7 Rd8 33. Nd4 Kf6 34. Nc6 Rh8 35. Rxd7 a5 36. e3 Rc8 37. Rd6 h5 38. Kf1 h4 39. gxh4 Rh8 40. Nd4 Rxh4 41. Rxe6+ Kf7 42. Kg2 Rh8 43. Rxb6 f4 44. exf4 Rd8 45. Nf5 Rd2 46. Ne3 a4 47. a3 Ke7 48. Nxg4 Kd7 49. Ne3 Kc7 50. Rb4 Kc6 51. Rxa4 Rd8 52. Rxe4 Rg8+ 53. Kf3 Rb8 54. f5 Rh8 55. f6 Kd6 56. Rf4 Rh3+ 57. Ke2 Rh4 58. Rxh4 1-0


[Site "https://www.chess.com"]

[Event "Titled Tuesday Blitz January 03 Early 2023"]
[White "Carlsen, Magnus"]
[Black "Nigmatov, Ortik"]
[WhiteFideId "1503014"]
[BlackFideId "14202131"]
[WhiteElo "2853"]
[BlackElo "2438"]
[Result "1-0"]
[Round "03"]
[TimeControl "180+2"]
[Date "2023.01.03"]
[WhiteClock "0:00:20"]
[BlackClock "0:00:03"]

1. d4 Nf6 2. c4 e6 3. Nf3 d5 4. e3 Be7 5. b3 O-O 6. Bb2 b6 7. Nc3 Bb7 8. Bd3 c5 9. O-O cxd4 10. exd4 Nc6 11. Qe2 Rc8 12. Rad1 Re8 13. Rfe1 Bf8 14. h4 dxc4 15. bxc4 Nb4 16. Bb1 Ba6 17. Ne5 Nbd5 18. Nb5 Bxb5 19. cxb5 Bb4 20. Rf1 Qd6 21. Nc6 a5 22. g3 Bc3 23. Bc1 Nb4 24. Bf4 Qd5 25. Be5 Nxc6 26. bxc6 Qxc6 27. Bxf6 gxf6 28. d5 exd5 29. Qg4+ Kf8 30. Bxh7 Re5 31. Bf5 Rd8 32. h5 d4 33. h6 Qd5 34. h7 Ke7 35. Bc2 Rh8 36. Qg7 Rh5 37. Rfe1+ Bxe1 38. Rxe1+ Kd7 39. Be4 R8xh7 40. Qxh7 Rxh7 41. Bxd5 Kd6 42. Bc4 Kc5 43. Bd3 Rh5 44. Rb1 Rh8 45. Rb5+ Kc6 46. Rf5 1-0


[Site "https://www.chess.com"]

[Event "Titled Tuesday Blitz January 03 Early 2023"]
[White "Donchenko, Alexander"]
[Black "Deac, Bogdan-Daniel"]
[WhiteFideId "24603295"]
[BlackFideId "1226380"]
[WhiteElo "2669"]
[BlackElo "2700"]
[Result "1-0"]
[Round "03"]
[TimeControl "180+2"]
[Date "2023.01.03"]
[WhiteClock "0:00:17"]
[BlackClock "0:00:03"]

1. Nf3 d5 2. g3 Nd7 3. d4 Ngf6 4. Bg2 e6 5. O-O Be7 6. c4 O-O 7. Nbd2 b6 8. cxd5 exd5 9. Nb1 Bb7 10. Nc3 Re8 11. Bf4 Nf8 12. Rc1 Ne6 13. Be3 c5 14. Ng5 c4 15. Nxe6 fxe6 16. Bf4 a6 17. Qc2 b5 18. a3 Qb6 19. e4 Qxd4 20. Rcd1 Qc5 21. exd5 Nxd5 22. Ne4 Qb6 23. Ng5 Bxg5 24. Bxg5 Qc7 25. Be4 h6 26. Bc1 Nf6 27. Bxb7 Qxb7 28. Rfe1 Kf7 29. Rd6 Rad8 30. Qd1 Rxd6 31. Qxd6 a5 32. Bd2 Qd5 33. Qf4 e5 34. Qe3 a4 35. Bc3 Kg8 36. Qe2 Nd7 37. Rd1 Qe6 38. Qe3 Nf6 39. Qc5 Qg4 40. Re1 Qd7 41. Rxe5 Rxe5 42. Bxe5 Nd5 43. Qd4 g6 44. Qe4 Qe6 45. h4 h5 46. Qd4 Kf7 47. Bh8 Ke7 48. Qc5+ Kf7 49. Qxb5 Qe1+ 50. Kg2 Ne3+ 51. Kf3 Ng4 52. Qxc4+ Kf8 53. Qc8+ Ke7 54. Qc5+ Kd7 55. Qd5+ Ke7 56. Qe4+ Qxe4+ 57. Kxe4 Nxf2+ 58. Kd5 Kd7 59. Bd4 Ng4 60. Kc4 Nh2 61. Kb4 Nf1 62. Be5 Ke6 63. Bc7 Kd5 64. Kxa4 Ne3 65. b4 Kc6 66. Bf4 Nd5 67. Kb3 Ne7 68. a4 Nf5 69. Kc4 1-0


[Site "https://www.chess.com"]

[Event "Titled Tuesday Blitz January 03 Early 2023"]
[White "Nepomniachtchi, Ian"]
[Black "Costachi, Mihnea"]
[WhiteFideId "4168119"]
[BlackFideId "1217518"]
[WhiteElo "2794"]
[BlackElo "2476"]
[Result "1-0"]
[Round "03"]
[TimeControl "180+2"]
[Date "2023.01.03"]
[WhiteClock "0:02:13"]
[BlackClock "0:00:15"]

1. e4 e5 2. f4 Bc5 3. Nf3 d6 4. c3 Nf6 5. d4 exd4 6. cxd4 Bb6 7. Nc3 O-O 8. e5 dxe5 9. fxe5 Nd5 10. Bc4 Be6 11. Qb3 c6 12. O-O h6 13. Kh1 Na6 14. Ne4 Nac7 15. Nd6 Rb8 16. Bd2 Ne8 17. Ne4 Ndc7 18. Ng3 Bxd4 19. Rad1 c5 20. Nxd4 Bxc4 21. Qxc4 Qxd4 22. Qxd4 cxd4 23. Bb4 Rd8 24. Nf5 Ne6 25. Rd2 N8c7 26. Bxf8 Kxf8 27. Rfd1 Rd5 28. Nxd4 Rxe5 29. Nxe6+ Nxe6 30. Rd7 Rb5 31. b3 g6 32. Rf1 Ng5 33. h4 Ke8 34. Rc7 Kd8 35. Rc4 Ne6 36. Rxf7 Re5 37. Kh2 b5 38. Rc2 a5 39. Rd2+ Ke8 40. Ra7 g5 41. Rdd7 gxh4 42. Rh7 b4 43. Rh8+ Nf8 44. Ra8+ Ke7 45. Rhxf8 1-0


[Site "https://www.chess.com"]

[Event "Titled Tuesday Blitz January 03 Early 2023"]
[White "Duda, Jan-Krzysztof"]
[Black "Mahdavi, Reza"]
[WhiteFideId "1170546"]
[BlackFideId "12595926"]
[WhiteElo "2724"]
[BlackElo "2339"]
[Result "1-0"]
[Round "03"]
[TimeControl "180+2"]
[Date "2023.01.03"]
[WhiteClock "0:00:49"]
[BlackClock "0:00:04"]

1. e4 c5 2. Nc3 e6 3. Nf3 Nc6 4. d4 cxd4 5. Nxd4 Qc7 6. Ncb5 Qb8 7. Bd3 a6 8. Nxc6 bxc6 9. Nd4 Nf6 10. Qe2 e5 11. Nf3 Be7 12. O-O O-O 13. c4 d6 14. h3 h6 15. Rb1 Be6 16. b4 Qc7 17. Be3 Nd7 18. Rfc1 Rab8 19. a4 a5 20. b5 Nc5 21. Bc2 f5 22. Bxc5 dxc5 23. exf5 Bxf5 24. Nxe5 Bxc2 25. Rxc2 Bd6 26. Nxc6 Qxc6 27. Rd1 Qd7 28. Rcd2 Rf6 29. Rd5 Qc7 30. Qd2 Bf8 31. Rd7 Qe5 32. Qxa5 Qf5 33. Qd2 Re8 34. a5 Qe4 35. a6 Qxc4 36. a7 Qa4 37. Re1 Rxe1+ 38. Qxe1 Kh8 39. Qe8 Qa1+ 40. Kh2 Qc1 41. a8=Q Qf4+ 42. g3 Qxf2+ 43. Qg2 1-0


[Site "https://www.chess.com"]

[Event "Titled Tuesday Blitz January 03 Early 2023"]
[White "Bortnyk, Olexandr"]
[Black "Kravtsiv, Martyn"]
[WhiteFideId "14120828"]
[BlackFideId "14113147"]
[WhiteElo "2605"]
[BlackElo "2598"]
[Result "0-1"]
[Round "03"]
[TimeControl "180+2"]
[Date "2023.01.03"]
[WhiteClock "0:00:56"]
[BlackClock "0:01:03"]

1. d4 Nf6 2. Nc3 d5 3. Bf4 e6 4. Nb5 Na6 5. e3 Be7 6. Nf3 O-O 7. Ne5 Ne4 8. f3 Nf6 9. Nc3 Nb8 10. a3 Nh5 11. Bg3 f6 12. Nd3 Nxg3 13. hxg3 c6 14. f4 Nd7 15. Qh5 h6 16. e4 Qe8 17. O-O-O Qxh5 18. Rxh5 f5 19. exd5 Nf6 20. Rh1 exd5 21. Ne5 Bd6 22. Be2 Be6 23. Rhe1 Rae8 24. Kb1 Kh7 25. Rh1 Re7 26. Bd3 Ne4 27. Nxe4 fxe4 28. Be2 Rf6 29. Kc1 c5 30. c3 Bxe5 31. dxe5 Rg6 32. Rh5 Rxg3 33. f5 Bf7 34. f6 Re8 35. Rf5 g6 36. Rf2 Rxe5 37. Bb5 a6 38. Bd7 b6 39. b4 h5 40. Kb2 e3 41. Re2 h4 42. Rd3 g5 43. Bc8 a5 44. bxc5 bxc5 45. c4 d4 46. Rb3 Kg6 47. Ba6 Kxf6 48. Rb6+ Kg7 49. Kc2 Bg6+ 50. Kb3 d3 51. Rb7+ 0-1


[Site "https://www.chess.com"]

[Event "Titled Tuesday Blitz January 03 Early 2023"]
[White "Boruchovsky, Avital"]
[Black "Jobava, Baadur"]
[WhiteFideId "2800055"]
[BlackFideId "13601520"]
[WhiteElo "2539"]
[BlackElo "2578"]
[Result "0-1"]
[Round "03"]
[TimeControl "180+2"]
[Date "2023.01.03"]
[WhiteClock "0:00:07"]
[BlackClock "0:00:10"]

1. e4 c6 2. Nc3 d5 3. Nf3 dxe4 4. Nxe4 Nf6 5. Ng3 h5 6. h3 h4 7. Ne2 Bf5 8. d4 Be4 9. Ng5 Bg6 10. c3 e6 11. Nf4 Bf5 12. Bd3 Bxd3 13. Qxd3 Qa5 14. O-O Qxg5 15. Nxe6 Qa5 16. b4 Qb6 17. Re1 fxe6 18. Qg6+ Kd8 19. Rxe6 Nbd7 20. Bg5 Bxb4 21. Rae1 Qb5 22. cxb4 Kc7 23. Bf4+ Kb6 24. Be3 Nf8 25. d5+ Ka6 26. Qf7 Nxe6 27. dxe6 Rhf8 28. Qxg7 Nd5 29. e7 Rg8 30. Qe5 Nxe3 31. Qxe3 Qd5 32. f3 Rae8 33. a4 b6 34. b5+ Kb7 35. bxc6+ Qxc6 36. Kh1 Qg6 37. Qe2 Rg7 38. Qa2 Rgxe7 39. Rd1 Re1+ 40. Rxe1 Rxe1+ 41. Kh2 Qg3# 0-1


[Site "https://www.chess.com"]

[Event "Titled Tuesday Blitz January 03 Early 2023"]
[White "Martinez Alcantara, Jose Eduardo"]
[Black "Putnam, Liam"]
[WhiteFideId "3805662"]
[BlackFideId "30938279"]
[WhiteElo "2619"]
[BlackElo "2285"]
[Result "1-0"]
[Round "03"]
[TimeControl "180+2"]
[Date "2023.01.03"]
[WhiteClock "0:00:05"]
[BlackClock "0:00:02"]

1. e4 c5 2. Nf3 d6 3. c3 Nf6 4. h3 Bd7 5. Bd3 Bc6 6. Qe2 Nbd7 7. Bc2 e6 8. d4 cxd4 9. cxd4 Be7 10. Nc3 O-O 11. O-O a6 12. Rd1 b5 13. a3 Qc7 14. Bf4 e5 15. Be3 Rac8 16. Rac1 Rfe8 17. Bb1 Qb8 18. d5 Ba8 19. Nd2 Nb6 20. Bd3 Nfd7 21. b4 Rc7 22. Nb3 Rec8 23. Na2 Nc4 24. Bxc4 Rxc4 25. Rxc4 Rxc4 26. Na5 Rc7 27. Rc1 Nb6 28. Qd1 Bd8 29. Nc3 Nc4 30. Nxc4 Rxc4 31. Ne2 Qc8 32. f3 a5 33. Qd2 axb4 34. axb4 h6 35. Ra1 Bb7 36. Ra2 f5 37. exf5 Qxf5 38. Ng3 Qb1+ 39. Kh2 Qxb4 40. Qd3 Qc3 41. Qg6 Qxe3 42. Qe8+ Kh7 43. Qxd8 Bxd5 44. Re2 Qd4 45. Qxd6 Rc1 46. Nf5 Qf4+ 47. Ng3 Bc4 48. Re4 Qf6 49. Qd2 Ra1 50. Rg4 Ra2 51. Qe3 g6 52. Ne4 Qc6 53. Rg3 h5 54. Qg5 Qe6 55. Nf6+ Kg7 56. Nxh5+ Kf7 57. Qh6 Qf5 58. Qg7+ Ke6 59. Rxg6+ Kd5 60. Nf6+ Kc5 61. Qe7+ Kd4 62. Rg4+ Kc3 63. Ne4+ Kb2 64. Qb4+ Ka1 65. Qe1+ Kb2 66. Qc3+ Kb1 67. Nd2+ Rxd2 68. Qxd2 Qf6 69. Re4 1-0


[Site "https://www.chess.com"]